 Dungeon Crawl Stone Soup version 0.31.0-32-g396128a36d (webtiles) character file.

Game seed: 15744897517991058239

130 monsoonserge the Cudgeller (level 5, -4/37 HPs)
             Began as an Octopode Cinder Acolyte on Mar 25, 2024.
             Was a High Priest of Ignis.
             Slain by Grinder (5 damage)
             ... on level 3 of the Dungeon.
             The game lasted 00:04:15 (1783 turns).

monsoonserge the Cudgeller (OpCA)                   Turns: 1783, Time: 00:04:17

Health: -4/37      AC:  1    Str: 15    XL:     5   Next: 13%
Magic:  0/6        EV: 12    Int: 16    God:    Ignis [*****.]
Gold:   106        SH:  0    Dex:  8    Spells: 4/6 levels left

rFire   + . .        a - -1 mace (flame)
rCold   . . .        (no shield)
rNeg    . . .        (helmet restricted)
rPois   .            (no amulet)
rElec   .            (no ring)
rCorr   .            (no ring)
SInv    .            (no ring)
Will    .....        (no ring)
Stlth   ++           (no ring)
HPRegen 0.26/turn    (no ring)
MPRegen 0.10/turn    (no ring)
                     (no ring)

%: no passive effects
@: no status effects
A: almost no armour, amphibious, 8 rings, camouflage 1, gelatinous body 1,
(nimble swimmer 1), tentacles
a: Renounce Religion, Fiery Armour, Foxfire Swarm, Rising Flame


You were on level 3 of the Dungeon.
You worshipped Ignis.
Ignis was extremely pleased with you.
You visited 1 branch of the dungeon, and saw 4 of its levels.

You collected 106 gold pieces.

Inventory:

Hand Weapons
 a - a -1 mace of flaming (weapon)
Talismans
 l - a flux talisman
Scrolls
 c - 2 scrolls of fear
 d - a scroll of amnesia {unknown}
 f - 2 scrolls of fog {unknown}
 g - a scroll of noise {unknown}
 i - a scroll of teleportation {unknown}
Potions
 b - a potion of enlightenment {unknown}
 e - a potion of curing {unknown}
 h - 3 potions of haste {unknown}
 j - a potion of invisibility {unknown}
 k - a potion of magic {unknown}


   Skills:
 + Level 3.7 Fighting
 + Level 4.4 Maces & Flails
 + Level 1.0 Dodging
 + Level 1.3 Stealth
 * Level 0.1 Unarmed Combat
 + Level 1.0 Spellcasting
 + Level 3.5 Fire Magic


You had 4 spell levels left.
You knew the following spells:

 Your Spells              Type           Power      Damage    Failure   Level
a - Scorch                Fire           24%        2d6       9%          2

Your spell library contained the following spells:

 Spells                   Type           Power      Damage    Failure   Level


Dungeon Overview and Level Annotations

Branches:
Dungeon (4/15)
 Temple: D:4-7

Altars:
Dithmenos

Shops:
D:2 :

Annotations:
D:2 Sigmund
D:3 1 transporter, Grinder; seawaffle's ghost, amateur MiBe


Innate Abilities, Weirdness & Mutations

You cannot wear most types of armour.
You are amphibious.
You can wear up to eight rings at the same time.
Your skin changes colour to match your surroundings (Stealth+).
Your rubbery body absorbs attacks. (AC +1, EV +1)
((You are camouflaged when in or above water. (Stealth+)))
You have tentacles for arms and can constrict up to eight enemies at once.


Message History

The ball python is severely wounded.
The ball python barely misses you. The ball python constricts you.
The ball python bites you. The ball python constricts you.
You barely miss the ball python. You grab the ball python.
The ball python is severely wounded.
You constrict the ball python.
You kill the ball python!
Grinder grins, showing sharp teeth.
Grinder hits you!
You writhe in agony.
* * * LOW HITPOINT WARNING * * *
Casting: Scorch (safe; 9% risk of failure)
Confirm with . or Enter, or press ? or * to list all spells.
Okay, then.
Casting: Scorch (safe; 9% risk of failure)
Confirm with . or Enter, or press ? or * to list all spells.
Flames lash Grinder.
Grinder is lightly wounded.
Grinder's fire resistance burns away.
Grinder gestures at you.
You suddenly lose the ability to move!
Grinder hits you.
* * * LOW HITPOINT WARNING * * *
You can move again.
Casting: Scorch (safe; 9% risk of failure)
Confirm with . or Enter, or press ? or * to list all spells.
Flames lash Grinder.
Grinder is burned terribly!
Grinder is moderately wounded.
Grinder hits you.
* * * LOW HITPOINT WARNING * * *
You writhe in agony.
* * * LOW HITPOINT WARNING * * *
Casting: Scorch (safe; 9% risk of failure)
Confirm with . or Enter, or press ? or * to list all spells.
Flames lash Grinder.
Grinder is burned terribly!
Grinder is moderately wounded.
Grinder hits you.
* * * LOW HITPOINT WARNING * * *
You writhe in agony.
You die...
Grinder sighs, "Dead already?
I want a refund."

. ....
######### ....
......... #...
......... ...
# #.######
####'####?.
#.#
+.......'..
#.# #.≈...≈.#
#.# #.≈._.≈.#
#.##
###.≈@5.≈.#
#).#
##.'.......'.?
# ##.#
#..####'####..
. # #.#
####.## .# ..
# #.# ###....#
.. ...### #.#
#...#### ###
....#.
#.###.###
....$.
##..##.##
......
........#
......


You could see Grinder (combustible).

Vanquished Creatures
  An iguana (D:4)
  6 adders
  3 orcs
  5 endoplasms
  3 hobgoblins
  3 quokkas
  5 ball pythons
  5 bats
  A frilled lizard (D:2)
  5 goblins
  7 kobolds
  5 rats
49 creatures vanquished.

Notes
Turn   | Place    | Note
-------+----------+-------------------------------------------
     0 | D:1      | monsoonserge the Octopode Cinder Acolyte began the quest
                  | for the Orb.
     0 | D:1      | Reached XP level 1. HP: 16/16 MP: 2/2
   159 | D:1      | Reached XP level 2. HP: 6/21 MP: 3/3
   164 | D:1      | Learned a level 2 spell: Scorch
   856 | D:2      | Reached XP level 3. HP: 22/26 MP: 4/4
  1160 | D:2      | Reached XP level 4. HP: 31/31 MP: 5/5
  1251 | D:2      | Found Obaulupa's Book Shop.
  1255 | D:2      | Noticed Sigmund
  1295 | D:3      | Noticed Grinder
  1300 | D:4      | Reached skill level 4 in Maces & Flails
  1453 | D:4      | Reached skill level 1 in Stealth
  1499 | D:3      | Noticed seawaffle's ghost (amateur MiBe)
  1499 | D:3      | Found a transporter.
  1507 | D:4      | Reached XP level 5. HP: 33/36 MP: 6/6
  1528 | D:3      | Reached skill level 1 in Dodging
  1765 | D:3      | Found a shadowy altar of Dithmenos.
  1780 | D:3      | Paralysed by Grinder for 2 turns
  1783 | D:3      | HP: 1/37 [Grinder (1)]
  1783 | D:3      | Slain by Grinder

Illustrated notes

Levels and vault maps discovered:
D:1:      lightli_arrival_noodles, layout_basic
D:2:      layout_loops_ring, serial_shops, shop, uniq_sigmund
D:3:      layout_rooms, mainiacjoe_overflow_six_doors_small,
          worldfamousw_hep_ancestral_shrine, gammafunk_ghost_mausoleum,
          corexii_corridor_pit, uniq_grinder
D:4:      old_forge, layout_basic, cheibriados_altar_1,
          nemelex_spade_bored_becter, minmay_temple_entry_gardened_gates,
          chequers_serial_rivers_micro_a, chequers_serial_rivers_room_a,
          chequers_hall_statues_y, uniq_crazy_yiuf_cottage, uniq_robin,
          uniq_ijyb

Skill      XL: |  1  2  3  4  5 |
---------------+----------------+-----
Maces & Flails | 4 |  4.4
Stealth        | 1 |  1.3
Dodging        | 1 |  1.0
Fighting       | |  3.7
Unarmed Combat | |  0.1
Spellcasting   | |  1.0
Fire Magic     | |  3.5

Action                     |  1- 3 |  4- 6 || total
---------------------------+-------+-------++-------
  Melee: Mace              |    64 |    35 ||    99
         Tentacles         |     8 |     7 ||    15
         Constrict         |    11 |     5 ||    16
         Punch             |       |     1 ||     1
   Cast: Scorch            |       |     3 ||     3
    Use: Scroll            |     1 |       ||     1
   Stab: Sleeping          |     4 |     2 ||     6
 Armour: Skin              |    36 |    44 ||    80
  Dodge: Dodged            |    37 |    34 ||    71
